[Event "44th Chess Olympiad Open 2022"]
[Site "Chennai"]
[Date "2022.07.30"]
[Round "2.40"]
[White "Khusenkhojaev, Muhammad"]
[Black "Suleymenov, Alisher"]
[Result "1-0"]
[WhiteElo "2397"]
[BlackElo "2467"]
[Annotator "TA"]
[PlyCount "77"]
[EventDate "2022.??.??"]
[TimeControl "60"]

1. d4 Nf6 2. c4 g6 3. g3 Bg7 4. Bg2 O-O 5. Nc3 d6 6. Nf3 Nc6 7. O-O e5 8. d5 Nb8 {[%emt 0:00:06] Nowadays more popular than 8...
Ne7.} 9. e4 a5 {[%emt 0:00:08] E62: King's Indian: Fianchetto:
6...c6 and Panno Variation (6...Nc6) without ...a6.} 10. Re1 Na6 11. Rb1 Nc5 {[%emt 0:11:25] The position
is equal.} 12. b3 c6 {[%emt 0:04:05] [#]} 13. Ba3 $146 ({Predecessor:} 13. dxc6 bxc6 14. Ba3 Qe7 15. Qd2 Rd8 16. Rbd1
Be6 17. h3 Qc7 18. Ng5 Qb6 19. Qe3 {1-0 (49) Ding,L (2799)-Pichot,A (2630)
chess24.com INT 2021}) 13... cxd5 {[%emt 0:00:25] [#] ...d4 is the strong
threat.} 14. Bxc5 (14. exd5 Bf5 $11) 14... dxc5 15. cxd5 Ne8 16. Nd2 f5 17. Bh3 Bd7 18. a4 {[%emt 0:
00:00] Inhibits b5.} Nd6 19. Nc4 Nf7 20. d6 Ng5 (20... Kh8 $1 $14)
21. Bg2 $16 {[%emt 0:00:06] White is more active.} f4 22. Qd5+ Be6 23. Qxb7 Qf6 $2 (23... Rf7 $16 24. Qc6 Rc8) 24. Nd5 $18 Bxd5 25. Qxd5+ Kh8 26. Qxc5 Ne6 27. Qd5 ({But not} 27. Qb6 $6 Nd4 28. Kh1 Qe6 $18) 27... Nd4 28. Kh1 ({Weaker is} 28. Nxa5 fxg3 29. fxg3 Qf2+ 30. Kh1 Nc2
$16) 28... Qg5 (28... Nc2 $142 29. Rec1 (29. Nxa5 fxg3 30.
Rec1 Qxf2 $16) 29... Nb4) 29. Red1 {[%emt 0:05:36] [#] And now Rxd4 would win.}
Ne2 30. Rd3 fxg3 31. fxg3 Rad8 32. Qc5 {[%emt 0:02:53] Inhibits Rf2.}
Qh5 33. Re1 Rd7 (33... Nd4
$142 34. Rxd4 exd4 35. Qxh5 gxh5) 34. Nb6 Rdd8 35. Nc4 (35. Qxa5 $142 Nd4 36. Nc4) 35... Rd7 36. Qxa5 {[%emt 0:00:59] White is clearly winning.} Rf2 37. Qa8+ Bf8 38. Qe8 Qg4 39. Nxe5 {[%emt 0:01:04] Weighted Error Value:
White=0.25 (precise) /Black=0.27 (precise)} 1-0

[Event "44th Chess Olympiad Open 2022"]
[Site "Chennai"]
[Date "2022.07.30"]
[Round "2.40"]
[White "Khusenkhojaev, Mustafokhuja"]
[Black "Urazayev, Arystanbek"]
[Result "1/2-1/2"]
[WhiteElo "2238"]
[BlackElo "2430"]
[Annotator "TA"]
[PlyCount "93"]
[EventDate "2022.??.??"]
[TimeControl "60"]

1. d4 Nf6 2. Nf3 d5 3. c4 e6 4. g3 Bb4+ 5. Bd2 a5 6. Bg2 O-O 7. Qc2 c5 {[%emt 0:00:25] E11: Bogo-Indian.} 8. cxd5 $1 {[%emt 0:00:
00] The main line 8.cxd5 scores better than 8.dxc5.} cxd4 9.
Nxd4 Qb6 {[%emt 0:00:05] White is slightly better.} 10. e3 exd5 11. O-O Nc6 12. Nxc6 bxc6 13. Rc1 Rb8 14. Nc3 h5 15. Na4 Qd8 16. Bxb4 Rxb4 17. b3 (17. Qxc6 $2 Bd7 18. Qc5
Bxa4 $19) (17. a3 $1 $14 Rc4 18. Qd1) 17... h4 $11 18. a3 Rb8 {[%emt 0:02:21] [#]} 19. Rab1 $146 (19.
Qxc6 $11 h3 20. Bf1) ({Predecessor:} 19. Qxc6 Rxb3 20. Qc7 Qxc7 21. Rxc7 h3 22.
Bf1 Bf5 23. Nc3 Rc8 24. Rxc8+ Bxc8 25. Nxd5 Nxd5 {½-½ (52) Saraci,N (2455)
-Ter Sahakyan,S (2624) Reykjavik 2021}) 19... h3 ({Better is} 
19... hxg3 $17 20. hxg3 Re8) 20. Bf1 Re8 21.
Nc5 Qe7 22. Qc3 Bf5 23. Rb2 Ne4 24. Qd4 Ng5 {[%emt 0:06:21] And now ...Nf3+ would win.} 25. Qf4 {[%emt 0:05:49]
Prevents Nf3+.} Qf6 26. Ra2 Qg6 27. Be2 Ne4 28. Nxe4 Bxe4 29. Rb2 c5 30. Rxc5 Rbc8 31. b4 Qb6 32. Rxc8 (32. Rxa5 Rc1+ 33. Bf1 Bg2) 32... Rxc8 33. f3 Qc6 $1 {[%emt 0:08:05] aiming for ...Qc1+.} 34.
Rd2 $1 Qc1+ (34... Qc3 $5 35. Rd1 Bc2 36.
Rxd5 Bb3 $11) 35. Rd1 Qb2 36. Bf1 Rc2 (36... Qc2 37. Rd4 Rc6 38. fxe4 $16)
37. fxe4 $2 {[%emt 0:04:04] [#]} (37. Bxh3 $11 Rxh2 38. fxe4 Rxh3 39. g4) 37...
Rg2+ $1 $19 38. Kh1 Rxh2+ 39. Kg1 {[%emt 0:00:01] [#] Strongly threatening Qf3.} Rg2+ $1 40. Kh1 Rh2+ 41. Kg1 {[%emt 0:30:06] Hoping
for Qf3.} Rg2+ 42. Kh1 {[#]} Rf2 $1 43. Qb8+
Kh7 {[%emt 0:00:02] ( -> ...Rh2+)} 44. Qf4 Kg8 $2 (44... g5 $19 45. Rb1 gxf4 46. Rxb2 Rxb2 47. exd5 axb4 48. axb4 fxe3 49.
Bd3+ Kh6 50. d6 e2 51. Bxe2 Rxe2 52. d7 Rd2 53. d8=B Rxd8 54. Kh2 Rd2+ 55. Kxh3
Kg5 56. b5 Rb2 57. b6 Rxb6 58. Kg2 Kg4 59. Kf2 Re6 60. Kg2 Rf6 61. Kh2 Rf2+ 62.
Kh1 Kxg3 63. Kg1 Rf3 64. Kh1 Rf1#) 45. Rb1 $2 Qd2 (45... Rxf4 46. Rxb2 Rxf1+ 47. Kh2 axb4 48. axb4 (48. Rxb4 dxe4 49. Rxe4
Ra1 $14) 48... dxe4 49. b5 $14 (49. Kxh3 Rf6 $16)) 46. Rd1 (
46. Qb8+ $2 Kh7 47. Qf4 (47. Kg1 $2 Rg2+ 48. Kh1 Rh2+ 49. Kg1 Qf2#) 47... Rxf4
48. exf4 dxe4 49. bxa5 e3 50. Bxh3 e2) 46... Qb2 ({Worse is} 46... Rxf4 47.
Rxd2 Rxf1+ 48. Kh2 dxe4 49. Rb2 $14 (49. bxa5 Ra1 $11) (49. Kxh3 axb4 50. axb4
Rb1 $11)) (46... Rh2+ $19 47. Kg1 Rg2+ 48. Kh1 Qxd1 49. Qb8+ Kh7) 47. Rd2 $2 {
[%emt 0:00:00] Weighted Error Value: White=0.49/Black=0.42. An unexpected
result.} 1/2-1/2

[Event "44th Chess Olympiad Open 2022"]
[Site "Chennai"]
[Date "2022.07.30"]
[Round "2.41"]
[White "Borisek, Jure"]
[Black "Ahn, Hongjin"]
[Result "1-0"]
[WhiteElo "2577"]
[BlackElo "2303"]
[Annotator "ChessBase"]
[PlyCount "77"]
[EventDate "2022.??.??"]
[TimeControl "60"]

1. e4 c5 2. Nf3 Nc6 3. Bb5 g6 4. Bxc6 bxc6 5. O-O Bg7 6.
Re1 Qc7 7. c3 d6 8. d4 cxd4 9. cxd4 Nf6 10. Nc3 O-O 11. Bg5 h6 12. Bd2 Rd8 13. h3 c5 14. d5 Ba6 15. Bf4 Nh5 16. Bh2 Qb7 17. Qd2 Rab8 18.
Rab1 Bc4 19. b3 Ba6 20. e5 dxe5 21. Bxe5 e6 22. Rbd1 Rbc8 23. Bxg7 Kxg7 24. d6 Nf6 25. Ne5 c4 26. Qd4 Qb6 27. Qf4 g5 28. Qg3 cxb3 29. h4 Nh5 30. Qg4 Nf6 31. Qg3 Nh5 32. Qf3 Nf4 33. hxg5 hxg5 34. Qg3 f6 35. Ne4 Rc2 36. Nxg5 fxe5 37. Nxe6+ Kf6 38. Qg7+ Kxe6 39. Rxe5# 1-0

[Event "44th Chess Olympiad Open 2022"]
[Site "Chennai"]
[Date "2022.07.30"]
[Round "2.41"]
[White "Sebenik, Matej"]
[Black "Lee, Jun Hyeok"]
[Result "1-0"]
[WhiteElo "2512"]
[BlackElo "2390"]
[Annotator "ChessBase"]
[PlyCount "51"]
[EventDate "2022.??.??"]
[TimeControl "60"]

1. Nf3 f5 2. c4 Nf6 3. g3 g6 4. Bg2 Bg7 5. O-O O-O 6. d4 d6 7. Nc3 Nc6 8. d5 Ne5 9. Qb3 Ned7 10. Be3 a5 11. Rad1 Nc5 12. Bxc5 dxc5 13. Ng5 Rb8 14. Rfe1 Bh6 15. h4 Ng4 16. Nb5 f4 17. gxf4 Rxf4 18.
Qg3 Qf8 19. Nxc7 Bxg5 20. hxg5 Ne5 21. b3 Qf5 22. f3 h5 23.
Bh3 Ng4 24. d6 exd6 25. Nd5 Qe5 26. Qxf4 1-0

[Event "44th Chess Olympiad Open 2022"]
[Site "Chennai"]
[Date "2022.07.30"]
[Round "2.41"]
[White "Kwon, Sehyun"]
[Black "Subelj, Jan"]
[Result "0-1"]
[WhiteElo "2225"]
[BlackElo "2498"]
[Annotator "ChessBase"]
[PlyCount "82"]
[EventDate "2022.??.??"]
[TimeControl "60"]

1. d4 d5 2. Nf3 Nf6 3. g3 Bf5 4. Bg2 e6 5. c4 c6 6. Nc3 h6 7. Qb3 Qb6 8. c5 Qxb3 9. axb3 Na6 10. Ra4 Bc2 11. Ra3 Nd7 12. Bf4 f6 13.
Bh3 g5 14. Bd2 e5 15. O-O Bg6 16. e3 e4 17. Ne1 h5 18. Rxa6 bxa6 19. b4 g4 20. Bg2 h4 21. gxh4 Rxh4 22. Nc2 O-O-O 23. Na1 Be7 24. Nb3 Rdh8 25. Ra1 Nb8 26. b5 axb5 27. Rxa7 Bd8 28. Ne2 Rxh2 29. Na5 Bxa5 30. Rxa5 Kb7 31. Ra1 Nd7 32. Ba5 R2h6 33. Nf4 Bf7 34. Ne2 Ra8 35. b4 Nf8 36. Ng3 Bg6 37. Bf1 Ne6 38. Ne2 Ng5 39. Kg2 Nf3 40. Kg3 Rh1 41. Kg2 Rah8 0-1

[Event "44th Chess Olympiad Open 2022"]
[Site "Chennai"]
[Date "2022.07.30"]
[Round "2.41"]
[White "Li, Georgiy"]
[Black "Dobrovoljc, Vid"]
[Result "1-0"]
[WhiteElo "1994"]
[BlackElo "2398"]
[Annotator "TA"]
[PlyCount "77"]
[EventDate "2022.??.??"]
[TimeControl "60"]

1. c4 e5 2. Nc3 Bb4 3. g3 Bxc3 4. bxc3 Nc6 5. Bg2 d6 6. d3 f5 {[%emt 0:02:17] A21: English Opening: 1...e5 2 Nc3.} 7.
f4 {[%emt 0:03:04] [#]} e4 $146 ({Predecessor:} 7... Nf6 8.
fxe5 Nxe5 9. Nh3 O-O 10. O-O Rb8 11. Nf4 b6 12. Nd5 Nxd5 13. cxd5 Qe7 14. Qd2 {
½-½ (55) Chigaev,M (2630)-Vaishali,R (2393) Biel 2021}) 8. dxe4 Nf6 {[%emt 0:07:27] The position is equal.} 9. e5 Ne4 (9... dxe5 $11 10. Bxc6+ bxc6) 10. exd6 O-O 11. Bxe4 (11. Nf3 $14) 11... fxe4 $11 12. Qd5+ Kh8 13. Be3 (13. c5 $11) 13... cxd6 $15 14. Rd1 ({Don't play} 14. Qxe4 Bf5 15. Qg2 Qa5 $17) 14... Qf6 15. Bd4 (15. Qxd6 $15 Be6 16. Qa3) 15... Qg6 $17 16. c5 Be6 17. Qg5 ({
Don't blunder} 17. Qxd6 $2 Rad8 18. Qc7 Rf7 19. Qxd8+ Nxd8 $19) 17... Qxg5 18. fxg5 Nxd4 19. cxd4 dxc5 20. d5 Bd7 21. h4 Rad8 22. h5 ({
White should try} 22. Nh3 $15) 22... Ba4 $19 23. Rd2 (23. Rb1) 23... c4 $2 (23... Rd6 $19 {White must now
prevent ...Rb6.} 24. Rh4 Rb6) 24. e3 (24. Nh3 $1 $11 {keeps
the balance.}) 24... b5 25. Rh4 c3 26. Rd4 {[%emt 0:01:21] [#]} c2 $1 $36 {[%emt 0:00:
19] White is under strong pressure.} 27. Ne2 Rf3 28. Rhxe4 Rxg3 {[%emt 0:00:22] Hoping for ...Rg2.} 29.
Kf2 {[%emt 0:00:32] Prevents Rg2+.} (29. d6 $17 Rg1+ 30. Kf2 Rxg5 31. d7 Rf5+
32. Kg3) 29... Rxg5 30. d6 Rxh5 31. d7 {[%emt 0:00:28] [#] Re8+ would kill now.} Rf5+ 32.
Ke1 {[%emt 0:01:21] Re8+ is the strong threat.} Kg8 33. Kd2 a5 $2 ({But not} 33... b4 $2 34.
Rxb4 Rxd7+ 35. Red4 $19) (33... Kf7 $19 {aiming for .. .g5.} 34. Rf4 Rxf4 35.
Nxf4 Ke7 36. Nd5+ Kxd7 37. Nf6+ Kc7 38. Rxd8 Kxd8 39. Nxh7 Ke7) 34. Re8+ $17 Rf8 35. Rxd8 Rxd8 36. Nc3 Kf7 37. Nxa4 (37. Ne4 $17) 37... bxa4 $19 38. Kxc2 Ke7 (38... a3 $19 {has better winning chances. Threatens to win
with ...Ke6.} 39. Rd3 h5) 39. Rxa4 {[%emt 0:00:00] Weighted Error Value:
White=0.42/Black=0.33. Loss on time!?} (39. Rh4 $142) 1-0

[Event "44th Chess Olympiad Open 2022"]
[Site "Chennai"]
[Date "2022.07.30"]
[Round "2.42"]
[White "Salinas Herrera, Pablo"]
[Black "Chavez, Ricardo Ernesto"]
[Result "1-0"]
[WhiteElo "2526"]
[BlackElo "2179"]
[Annotator "TA"]
[PlyCount "89"]
[EventDate "2022.??.??"]
[TimeControl "60"]

1. e4 g6 2. d4 Bg7 3. Nf3 d6 4. Be2 Nf6 5. Nc3 O-O 6. O-O e6 7. Re1 {[%emt 0:08:15] B08: Pirc Defence:
Classical System.} a6 8. Bf4 Nc6 9. Bf1 {[%emt 0:09:51] White is slightly better.} h6 10.
h3 Ne7 11. Qd2 Kh7 12. Rad1 b6 {[%emt 0:04:40] [#]} 13. Bg3 $146 ({Predecessor:} 13. Bh2 Bb7 14. Qe2 Qc8 15. Bf4 Rd8 16. g3 b5
17. a3 c5 18. dxc5 Qxc5 19. Bg2 e5 20. Bc1 Rac8 21. Nd2 Qc7 22. Nb3 d5 23. exd5
Nfxd5 24. Nxd5 Bxd5 {½-½ (24) Braun,G (2325)-Jakobsen,O (2376) Halle 2004})
13... Bb7 14. Qe2 Re8 15. e5 Nfg8 {[%emt 0:04:45] White leaves nothing to chance now.} 16.
Ne4 Bxe4 17. Qxe4 d5 18. Qf4 {[%emt 0:00:41] White is more active.} b5 (18... c5 $142) 19. Bd3 ({Inferior is} 19. Qxf7 Nf5 20.
Bd3 Re7 $17) 19... Nf5 {[%emt 0:14:07] [#]} 20. Bh2 $1 Qd7 21. g4 Nfe7 22. Bg3 (22. Qxf7 $2 Rf8 23. Bxg6+ Kh8 24. Qxf8 (24. Ng5 $2 hxg5 25. c3 Rxf7
$19) 24... Bxf8 $19) 22... Rac8 23. h4 (23.
Qxf7 $2 Rf8 24. Bxg6+ Kh8 25. Qxf8 (25. Ng5 $2 hxg5 26. Kg2 Rxf7 $19) 25...
Bxf8 $19) 23... Kh8 24. Kg2 ({Don't go for} 
24. Qxf7 $2 Rf8 25. Qxf8 Rxf8 $19) 24... Rf8 25. Qe3 Rce8 26. Rh1 c5 27.
dxc5 Nc6 28. c3 f5 29. exf6 Nxf6 30. Bxg6 Nxg4 31. Qe2 e5 32.
Bxe8 {[%emt 0:00:57] Really sharp!} Rxe8 33. h5 e4 34. Nh4 Nce5 (34...
Kh7 {was necessary.} 35. a4 bxa4) 35. Ng6+ $18 Kh7 36. Rh4 Nf3 37. Rh3 d4 $2 (37... Nf6 {was worth a try.} 38. Nh4 Ng5) 38. cxd4 Nxd4 {[%emt 0:00:02] [#]} 39. Rxd4 $1 Bxd4 {
[%emt 0:00:45] [#]} 40. Qxe4 $3 Rxe4 (40...
Ne3+ $2 41. fxe3 Rxe4 42. Nf8+ Kh8 43. Nxd7 $18) (40... Nf6 41. Nf8+) 41. Nf8+
{[%emt 0:30:06] White is clearly winning.} Kg8 {[%emt 0:01:49] ( -> .. .Qd5)}
42. Nxd7 Kf7 43. c6 Bxb2 44. c7 Rc4 45. Nb6 {[%emt 0:00:00] Weighted Error Value: White=0.15 (very precise) /
Black=0.34} 1-0

[Event "44th Chess Olympiad Open 2022"]
[Site "Chennai"]
[Date "2022.07.30"]
[Round "2.42"]
[White "Perez Gormaz, Matias"]
[Black "Arias, Lemnys A."]
[Result "1-0"]
[WhiteElo "2387"]
[BlackElo "2258"]
[Annotator "TA"]
[PlyCount "89"]
[EventDate "2022.??.??"]
[TimeControl "60"]

1. e4 c5 2. Nf3 d6 3. d4 cxd4 4. Nxd4 Nf6 5. Nc3 a6 6. Be3 e5 7. Nf3 Be7 8. Bc4 Qc7 9. Bb3 Be6 10. O-O O-O 11. Nh4 {[%emt 0:01:24] B90: Sicilian Najdorf:
Unusual White 6th moves, 6 Be3 Ng4 and 6 Be3 e5.} g6 12. Bh6 Re8 13. Qd2 {[%emt 0:00:10][%cal Yh4f5] The
position is equal.} Nc6 {[%emt 0:00:43] [#]} 14. Nf5 $1 {[%emt 0:02:30]
Prevents Nd4.} Bxf5 ({Much less strong is} 14... Bxb3 15. axb3
Qd8 16. Nxe7+ Qxe7 17. f3 $16) 15. exf5 Nd4 16. fxg6 hxg6 {[%emt 0:00:04] [#]} 17. Bg5 $146 {[%emt 0:00:
00] Black needs to defend precisely. This bishop pair is nice.} ({Predecessor:
} 17. f4 Qc5 18. Kh1 Nxb3 19. axb3 exf4 20. Qxf4 Qe5 21. Qf3 Qh5 22. Qxh5 Nxh5
{1-0 (92) Kosintseva,T (2524)-Cmilyte,V (2520) Ankara 2012}) 17... Qc6 18. Bxf6 Bxf6 19.
Bd5 Qb6 20. Ne4 Bg7 {
[%emt 0:00:24] Against Qh6. White leaves nothing to chance now.} ({Better is} 
20... Be7 $14) 21. c3 Ne6 22. g3 {[%emt 0:00:
56] Prevents Nf4.} Rad8 23. a4 (23. Rfd1 {
is more complex.} Nc7 24. a4 Nxd5 25. a5) 23... a5 24. Ra3 Qc7 25. Rd1 {[%emt 0:01:34] White is more
active.} b6 26. h4 Qe7 (26... Kf8 $16 27. c4 Re7) 27. Qe3 $18 Nc5 28. Ng5 Rf8 29. b4 Nd7 30. Qe4 {[%emt 0:00:06] [#] And now Qxg6 would win.} Qf6 31. Rd3 Qf5 32. Rf3 Nf6 (32... Qxe4 $142 33. Nxe4
Kh8) 33. Rxf5 Nxe4 34. Rxf7 ({Less strong is} 34. Bxf7+ Rxf7 35. Rxf7 (35. Nxf7 Rd7 $15) 35... Nxg5 36.
Rxg7+ Kxg7 $14) 34... Nxg5 35. Rxf8+ Kxf8 36. hxg5 {[%emt 0:00:03] Endgame KRB-KRB} Rc8 (36... Re8 {is a better defense.} 37. Bc6 Rc8) 37. bxa5 bxa5 38. c4 Ke8 39. Rb3 {[%emt 0:
00:19] Threatens to win with Rb7.} Bf8 40. Rb5 Be7 41. Rxa5 Bxg5 42. Ra7
{[%emt 0:01:11] aiming for a5.} Bd8 (42... Rc5 43. a5 Kd8) 43.
Rg7 $2 (43. a5) 43... g5 44. Rg6 Be7 (44... Rc5 $142 45. Rxd6 Ke7) 45. Rg8+ {[%emt 0:00:
00] Weighted Error Value: White=0.19 (very precise) /Black=0.32} 1-0

[Event "44th Chess Olympiad Open 2022"]
[Site "Chennai"]
[Date "2022.07.30"]
[Round "2.42"]
[White "Giron, Jorge Ernesto"]
[Black "Morovic Fernandez, Ivan"]
[Result "1/2-1/2"]
[WhiteElo "2288"]
[BlackElo "2489"]
[Annotator "ChessBase"]
[PlyCount "106"]
[EventDate "2022.??.??"]
[TimeControl "60"]

1. e4 e5 2. Nf3 Nc6 3. Bb5 a6 4. Ba4 Nf6 5. O-O Be7 6. d3 b5 7. Bb3 d6 8. a3 O-O 9. Nc3 Rb8 10. Ba2 Qe8 11. h3 Bd8 12. Re1 Ne7 13.
b4 Ng6 14. Ne2 Be6 15. Ng3 Nd7 16. Be3 Bxa2 17. Rxa2 Ne7 18. c4 f5 19. exf5 Nxf5 20. Nxf5 Rxf5 21. cxb5 axb5 22. Qb3+ Qf7 23. Qxf7+ Rxf7 24. Rc1 Nf6 25. Ng5 Rd7 26. Ne4 Nd5 27. Nc3 Nxe3 28. fxe3 d5 29. Kf2 Bg5 30. Ke2 Rb6 31. Nd1 Bd8 32. Rac2 Ra6 33. Rc5 Rxa3 34. R1c2 Rb3 35. Rxb5 Be7 36. Rb7 Bd6 37. Rb2 Rxb2+ 38. Nxb2 Kf7 39. e4 dxe4 40. dxe4 Ke6 41. Nd3 Rd8 42. Ra7 Rb8 43. Ra4 h5 44. Kd2 Rf8 45. Kc3 Rf1 46. Kc4 Rg1 47. Ra2 g5 48. Rf2 g4 49. hxg4 hxg4 50.
Kc3 Kd7 51. Kc4 Ke6 52. Kc3 Kd7 53. Kc4 Ke7 1/2-1/2

[Event "44th Chess Olympiad Open 2022"]
[Site "Chennai"]
[Date "2022.07.30"]
[Round "2.42"]
[White "Burgos Figueroa, Carlos E."]
[Black "Lopez Silva, Hugo"]
[Result "0-1"]
[WhiteElo "2164"]
[BlackElo "2403"]
[Annotator "TA"]
[PlyCount "70"]
[EventDate "2022.??.??"]
[TimeControl "60"]

1. Nf3 Nf6 2. g3 c5 3. c4 g6 4. b3 Bg7 5. Bb2 d6 6. Bg2 e5 7. d3 Nc6 8. Nbd2 O-O 9. O-O h6 {
[%emt 0:05:18] A05: Réti Opening: 1 Nf3 Nf6.} 10. a3 {[%emt 0:01:46] [#]} Rb8
$146 ({Predecessor:} 10... Be6 11. e3 Qd7 12. Re1 Bh3 13. Bh1
Nh7 14. b4 cxb4 15. axb4 Nxb4 16. Qb3 Nc6 17. Ne4 {0-1 (50) Arabidze,M (2437)
-Bodnaruk,A (2423) Tornelo INT 2020}) 11. b4 b6 {[%emt 0:00:
00] The position is equal.} 12. Ne1 Bb7 13.
Nc2 Nd4 (13... Qd7 {is interesting.} 14. b5
Nd4 15. Bxb7 Rxb7 16. e3 Nxc2 17. Qxc2 Qh3) 14. Bxb7 (14. b5 {
seems wilder.} Qd7 15. Bxb7 Rxb7 16. e3) 14... Rxb7 15. Bxd4 exd4 16. Rb1 Re7 17. Re1 d5 18. bxc5 bxc5 19. Rb5 Qc8 20. e4 (20. e3 $11 {keeps the balance.})
20... dxe3 (20... dxe4 $17 {Hoping for .. .a6.} 21. Nxe4 Nxe4
22. Rxe4 Rxe4 23. dxe4 Re8) 21. Rxe3 Rd7 {[%emt 0:06:19]
aiming for ...dxc4.} 22. Qe2 Rfd8 {[%emt 0:00:00] White must
now prevent ...dxc4.} 23. Nb3 (23. Nf3 $1 $15) 23... Bf8 $17 24. Qf3 Kg7 (24... dxc4 $19 {
is more deadly.} 25. dxc4 Ng4 $1) 25. Re1 dxc4 26. dxc4 Rd3 27. Ne3 a6 (27... Ng4 $5) 28. Rb6 {[%emt 0:00:06] [#]} (28. Rb7 $11) 28...
Nd7 $1 $36 {[%emt 0:00:49] Black is really pushing.} 29. Rc6 Qa8 30. Nc1 {[%emt 0:00:52] Loses the game.} (30. Na5 $17 Kh8
31. Qe4 (31. Qxf7 $2 Ne5 $19)) 30... Rd6 $19 {[%emt 0:00:56] Black is clearly
winning.} 31. Rxd6 Qxf3 32. Rd5 Qf6 33. Red1 Qc6 34.
Ne2 Be7 35. Nf4 Qc8 {
[%emt 0:01:30] Weighted Error Value: White=0.46/Black=0.11 (very precise)} 0-1

[Event "44th Chess Olympiad Open 2022"]
[Site "Chennai"]
[Date "2022.07.30"]
[Round "2.43"]
[White "Gretarsson, Hjorvar Steinn"]
[Black "Bagheri, Amir"]
[Result "0-1"]
[WhiteElo "2563"]
[BlackElo "2375"]
[Annotator "TA"]
[PlyCount "72"]
[EventDate "2022.??.??"]
[TimeControl "60"]

1. e4 c6 2. d4 d5 3. e5 Bf5 4. Nf3 e6 5. Be2 Nd7 6. O-O Bg6 7. a4 {[%emt 0:01:58][%cal Ya2a4,Ya4a5] B12:
Caro-Kann: Advance Variation.} Nh6 8. a5 Nf5 9. c4 {[%emt 0:01:07] White is slightly better.} dxc4 {
[%emt 0:13:58] [#]} 10. Nc3 $146 ({Predecessor:} 10. Bxc4 b6
11. axb6 Nxb6 12. Bd3 Be7 13. Nc3 O-O 14. g4 Nh4 15. Nxh4 Bxd3 16. Qxd3 Bxh4 {
½-½ (42) Karjakin,S (2785)-Sjugirov,S (2635) Moscow 2012}) 10... b5 {[%emt 0:
00:00] Against Qa4} 11. axb6 $1 Nxb6 12. g4 Ne7 13. Nh4 Ned5 14. Nxg6 hxg6 15. f4 f5 16. exf6 gxf6 17. Ne4 Qc7 18. Qc2 g5 ({Black should play} 18... Kf7 $15) 19. Bxc4 Nxc4 (19... gxf4 20. Nxf6+ $1 Nxf6 21. Bxf4 $16 (21. Bxe6 Nfd5
$15)) 20. Qxc4 Bd6 (20... Be7 $11) 21. Ra6
$16 Kd7 (21... gxf4 $2 22. Rxc6
Qg7 23. Nxd6+ $18) 22. Re1 $1 {[%emt 0:02:41][%cal Ye4f6] Black must now
prevent Nxf6+!} (22. fxg5 $6 Bxh2+ 23. Kf2 fxg5 $16) 22... Be7 23. Nc3 {[%emt 0:08:24] Bd2 is the strong threat.} Bd6 (23...
Nb4 $142) 24. Rxe6 $1 $18 ({But not} 24. fxg5 $2 Bxh2+ 25. Kf1
Bg3 26. Nxd5 exd5 $19) (24. Qe2 Rae8 $11) 24... Nxc3 (24...
Nb6 25. Qa2 (25. Rxb6 axb6 26. Rxf6 Rae8 $14) 25... Bxf4 26. Rxf6 Kd8) 25. bxc3
{[%emt 0:00:58] And now Ba3 would win.} Rae8 (25... Rab8 $142
26. Rxf6 Rb1 27. Qe6+ Kd8 28. Qxd6+ Qxd6 29. Rxd6+ Kc8 30. Raxc6+ Kb7) 26. d5 Rxe6 27. dxe6+ Ke7 28. Rxc6 Qa5 29. Qd3 (29. fxg5 $142 f5 30. Rxd6 $1 Kxd6 31. Qd4+ Kxe6
32. Qxh8 Qc5+ 33. Kg2 Qd5+ 34. Kg3) 29... Rd8 {[%emt 0:00:58] [#]} 30. Qh7+ $2 (30. Be3 $1 $18 {and White stays clearly on top. Hoping for
Ra6.} Qa1+ 31. Kg2 Qa2+ 32. Bf2 Qxe6 33. h3 (33. Qh7+ Kf8 $16)) 30... Kxe6 $16 31. f5+ ({White
should try} 31. Qe4+ $16 Kd7 32. Rc4) 31... Ke5 $1 $11 {[%emt 0:00:35]
Strongly threatening ...Bc5+.} 32. Qf7 Qd5 {[%emt 0:00:28] Inhibits Qe6+. Really sharp!} 33. Qxd5+ Kxd5 34. Ra6 {[%emt 0:00:27] The position is equal.} Bc5+ 35. Kg2 Bb6 36. Ba3 {[%emt 0:
01:28] aiming for Be7.} Re8 {[%emt 0:01:16] Prevents Be7. Weighted Error Value:
White=0.40/ Black=0.44. Loss on time!?} 0-1

[Event "44th Chess Olympiad Open 2022"]
[Site "Chennai"]
[Date "2022.07.30"]
[Round "2.43"]
[White "Kjartansson, Gudmundur"]
[Black "Ribbegren, Karl Johan"]
[Result "1-0"]
[WhiteElo "2448"]
[BlackElo "2198"]
[Annotator "TA"]
[PlyCount "59"]
[EventDate "2022.??.??"]
[TimeControl "60"]

1. d4 Nf6 2. c4 c5 3. d5 e6 4. Nc3 exd5 5. cxd5 d6 6. e4 g6 7. f4 Bg7 8. Bb5+ Nfd7 9. a4 Qh4+ 10. g3 {[%emt 0:00:14] A67: Modern Benoni:
Taimanov Variation.} Qd8 11. Nf3 O-O 12. O-O {[%emt 0:00:29] White is slightly better.} Na6 {
[%emt 0:05:46] outshines the older 12...a6.} 13. Re1 Nc7 {
[%emt 0:06:14] [#]} 14. e5 $146 {[%emt 0:02:29] [#] aiming for e6.} ({
Predecessor:} 14. Bd3 Nf6 15. Kg2 b6 16. e5 dxe5 17. d6 e4 18. Nxe4 Nce8 19.
Nxf6+ Bxf6 20. Be4 {0-1 (41) Uskov,A (2403)-Pavlov,M (2401) Sochi 2022}) 14...
Nxb5 15. Nxb5 dxe5 16. fxe5 a6 17. Nc3 {[%emt 0:03:48]
Black must now prevent e6.} Re8 18. Bf4 h6 19. h4 {[%emt 0:07:57] Prevents g5. White is more active.} Qa5
$2 {[%emt 0:03:39] Loses the game.} (19... Nf8 $14) 20. Qd2 $18 {[%emt 0:04:36]
Hoping for e6.} c4 {[%emt 0:05:23] [#]} 21. e6 $1 fxe6 22. Bxh6 ({Not} 22. Rxe6 Rxe6 23. dxe6 Qb6+
24. Kh2 Nf6 $14) 22... Qc5+ 23. Kg2 Nf6 $2 (23... Qf8) 24. Bxg7 Kxg7 25.
Qg5 exd5 26. Rxe8 Nxe8 27. Ne5 {[%emt 0:06:20] Pair of Knights!} Bf5 28. Rf1 Bd3 29. Rf7+ Kg8 30. Qh6 {[%emt 0:00:10] Weighted Error Value: White=0.03 
(flawless) /Black=0.77} 1-0

[Event "44th Chess Olympiad Open 2022"]
[Site "Chennai"]
[Date "2022.07.30"]
[Round "2.43"]
[White "Dornbusch, Tatiana"]
[Black "Stefansson, Hannes"]
[Result "0-1"]
[WhiteElo "2247"]
[BlackElo "2541"]
[Annotator "ChessBase"]
[PlyCount "68"]
[EventDate "2022.??.??"]
[TimeControl "60"]

1. d4 Nf6 2. Bg5 d5 3. Bxf6 gxf6 4. c4 dxc4 5. e3 c5 6. Nc3 cxd4 7. exd4 Nc6 8. Bxc4 Qxd4 9. Qxd4 Nxd4 10. Rd1 Nc2+ 11. Kf1 Bh6 12. Nd5 Bg4 13. f3 Bf5 14. g4 Bg6 15. h4 e6 16. Nxf6+ Ke7 17. Rd7+ Kxf6 18. g5+ Ke5 19. Kf2 Rac8 20. b3 Rhd8 21. Rxd8 Rxd8 22. gxh6 Rd2+ 23. Ne2 Na3 24. h5 Bf5 25. Rc1 Rxa2 26. Ke3 Nc2+ 27. Kd2 Na3+ 28. Ke3 Rb2 29. Nd4 Nc2+ 30. Nxc2 Bxc2 31. f4+ Kf6 32. Kd4 Bf5 33. Ra1 a6 34. Rg1 b5 0-1